 Dungeon Crawl Stone Soup version 0.21-a0-633-g4c047d5 (webtiles) character file.

280 Alarkh the Slasher (level 6, 44/46 (47) HPs)
             Began as a Demonspawn Monk on Dec 28, 2017.
             Got out of the dungeon alive.
             The game lasted 00:03:20 (3585 turns).

Alarkh the Slasher (Demonspawn Monk)                Turns: 3585, Time: 00:03:20

HP:   44/46 (47)    AC:  4    Str:  9    XL:     6   Next: 5%
MP:   6/6           EV: 16    Int: 14    God:
Gold: 97            SH:  0    Dex: 17    Spells: 5/5 levels left

rFire    . . .     SeeInvis .   a - +0 falchion
rCold    . . .     Gourm    .   (no shield)
rNeg     . . .     Faith    .   b - +1 robe
rPois    .         Spirit   .   (helmet restricted)
rElec    .         Reflect  .   (no cloak)
rCorr    .         Harm     .   s - +0 pair of gloves
MR       .....     Rnd*Rage +   (no boots)
Stlth    ++........             (no amulet)
HPRegen  0.15/turn              (no ring)
MPRegen  0.10/turn              (no ring)

@: no status effects
A: antennae 1, claws 1, repulsion field 2, agile 1, berserk 1, weak 1
a: no special abilities


You escaped.
You were not hungry.

You visited 1 branch of the dungeon, and saw 3 of its levels.

You collected 97 gold pieces.

Inventory:

Hand Weapons
 a - a +0 falchion (weapon)
Armour
 b - a +1 robe (worn)
 s - a +0 pair of gloves (worn)
Jewellery
 d - a +4 ring of intelligence {unknown}
Wands
 f - a wand of polymorph (16)
Scrolls
 g - a scroll of amnesia {unknown}
 h - a scroll of immolation {unknown}
 i - a scroll of teleportation {unknown}
 l - a scroll of enchant weapon {unknown}
 m - a scroll of identify {unknown}
 n - a scroll of enchant armour
 o - a scroll of noise {unknown}
 q - a scroll of blinking {unknown}
Comestibles
 c - 3 rations


   Skills:
 - Level 3.0 Fighting
 + Level 6.2 Long Blades
 - Level 2.6 Dodging
 - Level 1.7 Stealth


You had 5 spell levels left.
You didn't know any spells.

Dungeon Overview and Level Annotations

Branches:
Dungeon (3/15)

Altars:


Innate Abilities, Weirdness & Mutations

You have sharp fingernails.
You are surrounded by a moderate repulsion field. (EV +3)
You have a pair of small antennae on your head.
You are agile. (Dex +2)
You tend to lose your temper in combat.
You are weak. (Str -2)


Message History

This raw flesh tastes terrible.
Things that are here:
a jackal skeleton x2; an adder skeleton Your extra speed is starting to run out.
You feel yourself slow down.
There is a stone staircase leading up here.
You climb upwards.
There is a stone staircase leading down here.
There is a stone staircase leading up here.
You climb upwards.
There is a stone staircase leading down here.
There is an open door here.
You feel a little less clever now.
You can't go up here!
(D) Dungeon
Where to? (Enter - D:1 @ (x,y), ? - help)
There is an open door here.
There is a staircase leading out of the dungeon here.
Are you sure you want to leave the Dungeon?
This will make you lose the game!
You have escaped!

.#.##.##.# ##.## ##.## .#.##.##.#
#.# #.# ##.##.##.# #.## #.#
#.......# #..# ##+## ####.####
#######.# ##...## ####.#
#.......## ##.....## ##.##.#
##..P...P.###.......##
#...#.#####..........#.........##
................@....'....)....+.
#.....#######........#.........##
##.#### #.P...P..##.....>.## #.#
#........###.....## #.#
#.###.##.# ##...## #.# #........#
##'## #.# #####.##### #.# #.#
#.........# #.# #.#
#.###.###.####.######


There were no monsters in sight!

Vanquished Creatures
  A necrophage (D:3)
  Jessica (D:2)
  An orc wizard (D:3)
  5 adders
  A shadow imp (D:2)
  A worm (D:2)
  4 dart slugs
  A leopard gecko (D:2)
  3 orcs (D:3)
  3 giant cockroaches
  7 goblins
  13 hobgoblins
  7 jackals
  4 kobolds
  A quokka (D:2)
  A ball python (D:2)
  10 bats
  5 frilled lizards
  9 rats
78 creatures vanquished.

Notes
Turn   | Place    | Note
-------+----------+-------------------------------------------
     0 | D:1      | Alarkh the Demonspawn Monk began the quest for the Orb.
     0 | D:1      | Reached XP level 1. HP: 18/18 MP: 1/1
   169 | D:1      | Reached skill level 3 in Long Blades
   439 | D:1      | Gained mutation: You are surrounded by a mild repulsion field. (EV +2) [demonic ancestry]
   439 | D:1      | Reached XP level 2. HP: 23/24 MP: 2/2
  1097 | D:2      | Gained mutation: You are surrounded by a moderate repulsion field. (EV +3) [demonic ancestry]
  1097 | D:2      | Reached XP level 3. HP: 7/29 MP: 3/3
  1119 | D:1      | HP: 1/29 [poisoned by an adder]
  1447 | D:2      | Noticed Jessica
  1452 | D:2      | Reached skill level 4 in Long Blades
  1462 | D:2      | Killed Jessica
  1496 | D:2      | Reached XP level 4. HP: 35/35 MP: 4/4
  2357 | D:2      | Reached skill level 5 in Long Blades
  2572 | D:2      | Found a faded altar of an unknown god.
  2878 | D:3      | Reached XP level 5. HP: 41/41 MP: 5/5
  3447 | D:3      | Noticed a necrophage
  3450 | D:3      | Gained mutation: You have a pair of small antennae on your head. [potion of mutation]
  3450 | D:3      | Gained mutation: You tend to lose your temper in combat. [potion of mutation]
  3450 | D:3      | Gained mutation: You are weak. (Str -2) [potion of mutation]
  3450 | D:3      | Gained mutation: You are agile. (Dex +2) [potion of mutation]
  3470 | D:3      | Killed a necrophage
  3470 | D:3      | Reached skill level 6 in Long Blades
  3470 | D:3      | Gained mutation: You have sharp fingernails. [demonic ancestry]
  3470 | D:3      | Reached XP level 6. HP: 28/46 MP: 6/6
  3585 | D:$      | Got out of the dungeon alive.

Vault maps used:
D:1:      dpeg_arrival_orchard, minmay_pentomino_z4
D:2:      minmay_door_path, first_ration,
          chequers_ecumenical_altar_simple_redux, uniq_jessica
D:3:      lemuel_castle_with_subvaults

Skill      XL: |  1  2  3  4  5 |
---------------+----------------+-----
Long Blades    | 3 4 5 6 |  6.2
Fighting       | |  3.0
Dodging        | |  2.6
Stealth        | |  1.7

Action                   |  1- 3 |  4- 6 || total
-------------------------+-------+-------++-------
Melee: Falchion          |    90 |   179 ||   269
  Use: Potion            |     1 |     7 ||     8
       Scroll            |       |     1 ||     1
 Stab: Sleeping          |     2 |     8 ||    10
       Distracted        |     1 |       ||     1
  Eat: Chunk             |     2 |     7 ||     9
Armor: Robe              |    15 |    22 ||    37
Dodge: Dodged            |    68 |   162 ||   230
       Rpst.: Falchion   |    23 |    43 ||    66

Table legend:
 A = Spawn XP
 B = Non-spawn XP
 C = Spawn XP percentage of total XP
 D = Spawn monster count
 E = Non-spawn monster count
 F = Spawn count percentage of total count
 G = Total turns spent on level
                    A         B        C        D         E        F      G
               +---------+---------+-------+---------+---------+-------+---------
         Total |       0 |     400 |   0.0 |       0 |      78 |   0.0 |  3585
               +---------+---------+-------+---------+---------+-------+---------
           D:1 |       0 |      32 |   0.0 |       0 |      20 |   0.0 |  1462
           D:2 |       0 |     139 |   0.0 |       0 |      32 |   0.0 |  1325
           D:3 |       0 |     229 |   0.0 |       0 |      26 |   0.0 |   798
               +---------+---------+-------+---------+---------+-------+---------
